 Dungeon Crawl Stone Soup version 0.27-a0-1378-gdefffd1ff6 (webtiles) character file.

Game seed: 12065980715949408153

77 bilbop the Caller (level 4, -1/25 HPs)
             Began as a Deep Elf Summoner on June 29, 2021.
             Slain by a phantom (3 damage)
             ... on level 3 of the Dungeon.
             The game lasted 00:14:06 (3590 turns).

bilbop the Caller (Deep Elf Summoner)               Turns: 3590, Time: 00:14:06

Health: -1/25      AC:  2    Str:  5    XL:     4   Next: 14%
Magic:  0/11       EV: 13    Int: 20    God:
Gold:   170        SH:  0    Dex: 16    Spells: 7/10 levels left

rFire    . . .     SeeInvis .   a - +2 short sword (speed)
rCold    . . .     Faith    .   (no shield)
rNeg     . . .     Spirit   .   b - +0 robe
rPois    .         Reflect  .   (no helmet)
rElec    .         Harm     .   (no cloak)
rCorr    .         Rampage  .   (no gloves)
Will     .....                  (no boots)
Stlth    ++........             (no amulet)
HPRegen  0.08/turn              (no ring)
MPRegen  0.12/turn              (no ring)

@: no status effects
A: no striking features
a: no special abilities


You were on level 3 of the Dungeon.
You visited 1 branch of the dungeon, and saw 3 of its levels.

You collected 170 gold pieces.

Inventory:

Hand Weapons
 a - a +2 short sword of speed (weapon)
 d - a +0 short sword
 f - a +0 dagger
Armour
 b - a +0 robe (worn)
Wands
 k - a wand of flame (13)
Scrolls
 c - 2 scrolls of fog {unknown}
 e - a scroll of torment {unknown}
 h - 2 scrolls of amnesia {unknown}
 j - 2 scrolls of identify {unknown}
 l - a scroll of enchant weapon {unknown}
 n - a scroll of vulnerability {unknown}
Potions
 g - a potion of flight {unknown}
 i - a potion of brilliance {unknown}
 m - a potion of might {unknown}


   Skills:
 + Level 1.0 Fighting
 + Level 1.0 Short Blades
 + Level 3.0 Dodging
 + Level 3.4 Stealth
 + Level 3.6 Spellcasting
 + Level 4.8 Summonings


You had 7 spell levels left.
You knew the following spells:

 Your Spells              Type           Power      Damage    Failure   Level
a - Summon Small Mammal   Summ           88%        N/A       1%          1
b - Call Imp              Summ           22%        N/A       2%          2

Your spell library contained the following spells:

 Spells                   Type           Power      Damage    Failure   Level
 Call Canine Familiar     Summ           22%        N/A       5%          3
 Summon Guardian Golem    Hex/Summ       13%        N/A       16%         3
 Summon Ice Beast         Ice/Summ       13%        N/A       45%         4
 Summon Lightning Spire   Summ/Air       13%        N/A       45%         4


Dungeon Overview and Level Annotations

Branches:
Dungeon (3/15)

Altars:
Ashenzari
Gozag
Ru


Message History

Your crimson imp barely misses the phantom.
The phantom completely misses you.
Your crimson imp blinks!
You hit the phantom.
The phantom is moderately damaged.
Your crimson imp blinks!
Your crimson imp closely misses the phantom.
The phantom hits you!
The phantom blinks!
You blink.
You miss the phantom.
The phantom is moderately damaged.
You closely miss the phantom.
The phantom is moderately damaged.
The phantom hits you but does no damage.
Casting: Call Imp (safe; 2% risk of failure)
Confirm with . or Enter, or press ? or * to list all spells.
A beastly little devil appears in a puff of frigid air.
Your crimson imp blinks!
The phantom hits you.
* * * LOW HITPOINT WARNING * * *
Your crimson imp blinks!
You hit the phantom.
The phantom is heavily damaged.
The phantom closely misses you.
You barely miss the phantom.
The phantom is heavily damaged.
Your white imp closely misses the phantom.
The phantom hits you.
* * * LOW HITPOINT WARNING * * *
You closely miss the phantom.
The phantom is heavily damaged.
Your crimson imp disappears in a puff of smoke!
Your white imp misses the phantom.
You hit the phantom but do no damage.
The phantom is heavily damaged.
The phantom misses you.
You hit the phantom but do no damage.
The phantom is heavily damaged.
Your white imp closely misses the phantom.
The phantom hits you.
You die...

##...##........#.
##.###........#.
#######.###..........
#........##........#.
#.###.#.#.#........##
#....#5#..........
#..#.#.# #########
#.##.#...### #
#...@......#####
####W##........#
#5......###.###
##5.....#(#...####
#.#..###.###.....
#....#... #....#
#..###.# ###..#
#..5.5†# #.##
##.###.# ###.#


You could see a phantom (ally target), 2 friendly crimson imps and a friendly
white imp (summoned).

Vanquished Creatures
  An orc (D:3)
  4 bats
  A giant cockroach (D:2)
  2 goblins
  2 hobgoblins
  A jackal (D:1)
  2 quokkas (D:3)
  2 ball pythons
  A frilled lizard (D:2)
  5 kobolds
  6 rats
27 creatures vanquished.

Vanquished Creatures (collateral kills)
  3 adders (D:2)
  A worm (D:2)
  2 dart slugs (D:1)
  4 ball pythons
  A bat (D:1)
  4 endoplasms
  2 giant cockroaches
  4 goblins
  3 hobgoblins
  4 jackals
  2 quokkas (D:1)
  4 kobolds
  6 rats
40 creatures vanquished.

Grand Total: 67 creatures vanquished

Notes
Turn   | Place    | Note
-------+----------+-------------------------------------------
     0 | D:1      | bilbop the Deep Elf Summoner began the quest for the Orb.
     0 | D:1      | Reached XP level 1. HP: 10/10 MP: 6/6
   530 | D:1      | Reached XP level 2. HP: 15/15 MP: 2/8
  1389 | D:2      | Learned a level 2 spell: Call Imp
  1471 | D:2      | Reached XP level 3. HP: 20/20 MP: 9/9
  2069 | D:2      | Reached skill level 1 in Short Blades
  2631 | D:3      | Found a broken altar of Ashenzari.
  2748 | D:3      | Reached XP level 4. HP: 24/24 MP: 11/11
  2809 | D:3      | Found a sacrificial altar of Ru.
  2846 | D:3      | Reached skill level 1 in Fighting
  3004 | D:3      | Found a faded altar of an unknown god.
  3103 | D:3      | Found an opulent altar of Gozag.
  3549 | D:3      | Noticed a phantom
  3590 | D:3      | Slain by a phantom

Illustrated notes

Levels and vault maps discovered:
D:1:      minmay_arrival_arboretum_small, layout_basic
D:2:      layout_loops_ring, eino_tiny_chamber
D:3:      layout_loops_cross, nicolae_ashenzari_skybound, grunt_gozag_statues,
          nicolae_ru_the_path_less_chosen, dilly_ecumenical_altar_fadedgnrine,
          minmay_quantized

Skill      XL: |  1  2  3  4 |
---------------+-------------+-----
Stealth        | 3 |  3.4
Short Blades   | 1 |  1.0
Dodging        | 3 |  3.0
Fighting       | 1 |  1.0
Spellcasting   | |  3.6
Summonings     | |  4.8

Action                   |  1- 3 |  4- 6 || total
-------------------------+-------+-------++-------
Melee: Short sword       |    69 |    32 ||   101
 Cast: Summon Small Mamm |    57 |     1 ||    58
       Call Imp          |    14 |    20 ||    34
 Stab: Sleeping          |     6 |     1 ||     7
Armor: Robe              |    13 |     4 ||    17
Dodge: Dodged            |    42 |    17 ||    59

Table legend: (Time is in decaauts)
 A = Elapsed time spent in this place.
 B = Non-inter-level travel time spent in this place.
 C = Inter-level travel time spent in this place.
 D = Time resting spent in this place.
 E = Time spent auto-exploring this place.
 F = Levels seen in this place.
 G = Mean time per level.
                   A        B        C        D        E       F      G
               +--------+--------+--------+--------+--------+-----+--------+
         Total |   3560 |   3492 |     68 |      0 |   2967 |   3 | 1186.7 |
       Dungeon |   3560 |   3492 |     68 |      0 |   2967 |   3 | 1186.7 |
               +--------+--------+--------+--------+--------+-----+--------+

Top non-repeatable levels by time:
     D:1: 1349 daAuts
     D:2: 1252 daAuts
     D:3: 959 daAuts
